Map: King's Cove LE

Players

HydraOrc

  • Race: Protoss Protoss
  • Spawn Location: 5:00

BuRning - Winner!

  • Race: Terran Terran
  • Spawn Location: 11:00

Event: 2019 WCS Summer

VOD

Have the link to the VOD?

Description

Time

  • Played on: July 12, 2019, 9:01 a.m.
  • Length: 2:44

All games in this series

Show
View Real Time Build Order
Export as new Build Order

HydraOrc Protoss 

Build Orders:  

Get SALT Encoding   

  12  0:00  Probe  
  13  0:12  Probe  
  14  0:19  Pylon  
  14  0:24  Probe  
  15  0:31  Pylon  
  15  0:33  Probe  
  15  0:41  Probe  
  17  0:50  Gateway  
  17  0:52  Probe  
  18  1:00  Assimilator  
  18  1:04  Probe  
  19  1:16  Probe  
  20  1:28  Probe  
  21  1:40  Zealot, Probe  
  21  1:42  Cybernetics Core  
  24  1:58  Nexus  
  24  2:01  Probe  
  25  2:08  Assimilator  
  24  2:19  Shield Battery  
  24  2:22  Probe  
Show
View Real Time Build Order
Export as new Build Order

BuRning Terran - Winner!

Build Orders:  

Get SALT Encoding   

  12  0:01  SCV  
  13  0:13  SCV  
  14  0:18  Supply Depot  
  14  0:25  SCV  
  15  0:41  Barracks  
  15  0:44  Refinery  
  15  0:47  SCV  
  16  1:00  Barracks  
  16  1:03  SCV  
  17  1:15  SCV  
  17  1:18  Refinery  
  18  1:28  Reaper  
  19  1:36  Orbital Command  
  19  1:51  Reaper  
  20  1:54  Supply Depot  
  20  2:02  Reaper  
  20  2:03  SCV  
  22  2:16  SCV  
  22  2:18  Bunker  
  23  2:28  SCV  
Tags
 
Add a new tag
Caveats
  • Supply blocks, unpowered buildings, or Contaminate may cause inaccurate times.
  • Supply counts are checked every 10 seconds.